 Dungeon Crawl Stone Soup version 0.30-a0-694-g3340775977 (webtiles) character file.

Game seed: 926963149833323015

2947 Fenrisus the Blocker (level 10, -14/72 HPs)
             Began as a Formicid Fighter on Jan 20, 2023.
             Was a Follower of Hepliaklqana.
             Killed from afar by a gargoyle (25 damage)
             ... with a stone arrow
             ... on level 7 of the Dungeon.
             The game lasted 00:32:01 (7082 turns).

Fenrisus the Blocker (Formicid Fighter)             Turns: 7082, Time: 00:32:02

Health: -14/72     AC: 15    Str: 25    XL:     10   Next: 7%
Magic:  10/10      EV: 12    Int:  8    God:    Hepliaklqana [*.....]
Gold:   169        SH:  6    Dex: 13    Spells: 9/9 levels left

rFire   + . .      SeeInvis +    a - +2 quarterstaff (flame)
rCold   + . .      Faith    +    c - +0 buckler
rNeg    . . .      Spirit   .    h - +0 plate armour
rPois   +          Reflect  .    (helmet unavailable)
rElec   +          Harm     .    q - +0 cloak
rCorr   +          Rampage  .    (no gloves)
Will    +....                    (no boots) Stlth
                                 g - amulet of faith
HPRegen 0.32/turn                u - +5 ring of evasion
MPRegen 0.12/turn                (no ring)

@: resistant
A: reduced essence, permanent stasis, dig shafts and tunnels, antennae 3, four
strong arms
a: Dig, Shaft Self, Renounce Religion, Recall Ancestor, Ancestor Identity


You were on level 7 of the Dungeon.
You worshipped Hepliaklqana.
Hepliaklqana was aware of your devotion.
You visited 2 branches of the dungeon, and saw 8 of its levels.

You collected 368 gold pieces.
You spent 199 gold pieces at shops.

Inventory:

Hand Weapons
 a - a +2 quarterstaff of flaming (weapon)
 t - a +1 dire flail of holy wrath
Missiles
 x - a throwing net
Armour
 b - a +0 scale mail
 c - a +0 buckler (worn)
 d - a scarf of harm
 h - a +0 plate armour (worn)
 q - a +0 cloak (worn)
Jewellery
 g - an amulet of faith (around neck)
 u - a +5 ring of evasion (left hand)
Scrolls
 k - a scroll of brand weapon
 l - a scroll of poison
 m - 4 scrolls of amnesia {unknown}
 o - 2 scrolls of silence
 p - a scroll of fear {unknown}
 r - 2 scrolls of identify
 v - a scroll of teleportation {unknown}
 y - 2 scrolls of magic mapping {unknown}
 A - a scroll of noise {unknown}
Potions
 e - a potion of attraction
 f - a potion of flight {unknown}
 i - 3 potions of berserk rage (quivered)
 j - 4 potions of brilliance {unknown}
 s - 2 potions of degeneration {unknown}
 w - 2 potions of mutation {unknown}
 z - a potion of magic {unknown}


   Skills:
 + Level 8.0 Fighting
 + Level 6.8 Staves
 + Level 8.0 Armour
 + Level 9.6 Shields


You had 9 spell levels left.
You didn't know any spells.
Your spell library contained the following spells:

 Spells                   Type           Power      Damage    Failure   Level
 Kiss of Death            Conj/Necr      0%         2d5       99%         1
 Sandblast                Erth           0%         2d4       99%         1
 Passwall                 Tmut/Erth      0%         N/A       100%        2
 Confusing Touch          Hex            0%         N/A       100%        3
 Inner Flame              Hex/Fire       0%         N/A       100%        3
 Stone Arrow              Conj/Erth      0%         3d7       100%        3
 Cause Fear               Hex            0%         N/A       100%        4
 Dispel Undead            Necr           0%         3d6       100%        4
 Discord                  Hex            0%         N/A       100%        8


Dungeon Overview and Level Annotations

Branches:
Dungeon (7/15)             Temple (1/1) D:5

Altars:
Ashenzari
Dithmenos
Elyvilon
Fedhas
Gozag
Hepliaklqana
Kikubaaqudgha
Nemelex Xobeh
Okawaru
Sif Muna
Trog
Uskayaw
Wu Jian
Yredelemnul
Zin
The Shining One

Shops:
D:2 ?   D:4 :?

Annotations:
D:7 Maggie


Innate Abilities, Weirdness & Mutations

Your life essence is reduced to manifest your ancestor. (-10% HP)
You cannot be hasted, slowed, berserked, paralysed or teleported.
You can dig through walls and to a lower floor.
You have a pair of large antennae on your head. (SInv)
Your four strong arms can wield two-handed weapons with a shield.


Message History

The gargoyle is moderately damaged.
The gargoyle misses you.
You barely miss the gargoyle.
The gargoyle is moderately damaged.
The gargoyle hurls a stone arrow at you.
The stone arrow misses you.
You hit the gargoyle. You burn the gargoyle.
The gargoyle is moderately damaged.
You block the gargoyle's attack.
You hit the gargoyle. You burn the gargoyle.
The gargoyle is heavily damaged.
The gargoyle hits you with a +0 flail.
You hit the gargoyle but do no damage.
The gargoyle is heavily damaged.
The gargoyle hurls a stone arrow at you.
The stone arrow hits you!
You hit the gargoyle but do no damage.
The gargoyle is heavily damaged.
The gargoyle hurls a stone arrow at you.
The stone arrow hits you!
You hit the gargoyle. You burn the gargoyle.
The gargoyle is heavily damaged.
You block the gargoyle's attack.
You hit the gargoyle but do no damage.
The gargoyle is heavily damaged.
The gargoyle misses you.
You hit the gargoyle. You burn the gargoyle.
The gargoyle is severely damaged.
The gargoyle hits you with a +0 flail.
* * * LOW HITPOINT WARNING * * *
You hit the gargoyle but do no damage.
The gargoyle is severely damaged.
The gargoyle hurls a stone arrow at you.
The stone arrow hits you!
* * * LOW HITPOINT WARNING * * *
You hit the gargoyle. You burn the gargoyle.
The gargoyle is almost destroyed.
The gargoyle hurls a stone arrow at you.
The stone arrow hits you!!
You die...

# .#### #. ####.####
###. #........ #
....#.##.#### #.
##..#.## #. ...... ##.
#.#!####### ..#...###
#..........
#...s9@########.#######
######........†.#
############


You could see a gargoyle and a scorpion.

Vanquished Creatures
  Sigmund (D:3)
  A wyvern (D:7)
  Edmund (D:6)
  Menkaure (D:7)
  2 water moccasins (D:6)
  2 ice beasts (D:5)
  2 black bears
  A sky beast (D:7)
  3 orc warriors (D:7)
  2 ogres (D:5)
  2 phantoms
  A bullfrog (D:6)
  A gnoll sergeant (D:6)
  A scorpion (D:6)
  A killer bee (D:7)
  A howler monkey (D:6)
  3 hounds (D:4)
  2 jellies
  3 orc priests
  Jessica (D:3)
  2 iguanas (D:5)
  3 orc wizards
  5 adders
  8 gnolls
  A white imp (D:6)
  2 worms
  A dart slug (D:1)
  13 orcs
  5 bats
  4 endoplasms
  3 giant cockroaches
  6 goblins
  10 hobgoblins
  10 jackals
  9 kobolds
  4 quokkas
  5 ball pythons
  2 frilled lizards
  3 rats
  A bush (D:1)
129 creatures vanquished.

Vanquished Creatures (collateral kills)
  Prince Ribbit (D:7)
  An orc wizard (D:7)
  An iguana (D:7)
  A shadow imp (D:7)
4 creatures vanquished.

Vanquished Creatures (others)
  3 ancestors (D:7)
  2 plants (D:1)
5 creatures vanquished.

Grand Total: 138 creatures vanquished

Notes
Turn   | Place    | Note
-------+----------+-------------------------------------------
     0 | D:1      | Fenrisus the Formicid Fighter began the quest for the Orb.
     0 | D:1      | Reached XP level 1. HP: 18/18 MP: 1/1
    95 | D:1      | Reached XP level 2. HP: 23/24 MP: 2/2
   434 | D:1      | Reached XP level 3. HP: 29/29 MP: 3/3
  1047 | D:2      | Found Kacaje's Magic Scroll Emporium.
  1273 | D:2      | Bought a scroll of brand weapon for 95 gold pieces
  1445 | D:2      | Reached XP level 4. HP: 30/37 MP: 4/4
  2140 | D:3      | Found a broken altar of Ashenzari.
  2140 | D:3      | Noticed Sigmund
  2171 | D:3      | Killed Sigmund
  2172 | D:3      | Reached skill level 5 in Shields
  2172 | D:3      | Reached XP level 5. HP: 43/43 MP: 5/5
  2172 | D:3      | Reached XP level 6. HP: 49/49 MP: 6/6
  2436 | D:3      | Noticed Jessica
  2446 | D:3      | Killed Jessica
  2847 | D:4      | Found a shimmering blue altar of Sif Muna.
  3013 | D:4      | Reached XP level 7. HP: 55/55 MP: 7/7
  3029 | D:4      | Reached skill level 5 in Fighting
  3031 | D:4      | Reached skill level 6 in Shields
  3034 | D:4      | Reached skill level 5 in Armour
  3307 | D:4      | Found Bireeqy's Book Shoppe.
  3520 | D:4      | Found Itodef's Magic Scroll Shop.
  3526 | D:4      | Bought a scroll of brand weapon for 104 gold pieces
  3966 | D:5      | Entered Level 5 of the Dungeon
  4180 | D:5      | Found a staircase to the Ecumenical Temple.
  4189 | Temple   | Entered the Ecumenical Temple
  4248 | Temple   | Became a worshipper of Hepliaklqana the Forgotten
  4518 | D:5      | Reached XP level 8. HP: 50/63 MP: 8/8
  4741 | D:5      | Reached skill level 7 in Shields
  5110 | D:6      | Reached skill level 5 in Staves
  5341 | D:6      | Reached XP level 9. HP: 63/71 MP: 9/9
  5348 | D:6      | Reached skill level 8 in Shields
  5542 | D:6      | Noticed Edmund
  5554 | D:6      | Killed Edmund
  5666 | D:6      | Reached * piety under Hepliaklqana
  6362 | D:7      | Found a hide-covered altar of Uskayaw.
  6364 | D:7      | Noticed Menkaure
  6375 | D:7      | Killed Menkaure
  6435 | D:7      | Noticed Prince Ribbit
  6446 | D:7      | Killed Prince Ribbit
  6467 | D:7      | Reached skill level 9 in Shields
  6911 | D:7      | Reached XP level 10. HP: 64/72 MP: 10/10
  6946 | D:7      | Noticed Maggie
  7061 | D:7      | Noticed a gargoyle
  7082 | D:7      | Killed from afar by a gargoyle

Illustrated notes

Levels and vault maps discovered:
D:1:      eino_arrival_cavern_a, layout_loops_ring, serial_forest,
          infiniplex_forest_side_room, infiniplex_forest_clump_medium,
          infiniplex_forest_zigzag_1, infiniplex_forest_clump_diagonal,
          infiniplex_forest_clump_double, infiniplex_forest_zigzag_2,
          infiniplex_forest_lined_3, infiniplex_forest_straight_5,
          infiniplex_forest_zigzag_1, infiniplex_forest_3_way
D:2:      layout_basic, serial_shops, nicolae_shop_window_shopping,
          minmay_close_crescents
D:3:      layout_rooms, nicolae_ashenzari_skybound, uniq_jessica, uniq_sigmund
D:4:      layout_loops_ring, mainiacjoe_overflow_tiny_flanked, serial_shops,
          shop, nicolae_shop_statue_plus
D:5:      black_bear_nest_1, layout_basic, minmay_temple_entry_antechambers
D:6:      layout_basic, amcnicky_mini_rare_corridor_liquid,
          kennysheep_generic_room_15, uniq_edmund
D:7:      layout_loops_ring, lemuel_round_altar, kennysheep_opposing_triangles,
          uniq_maggie, uniq_prince_ribbit1, uniq_menkaure
Temple:   eino_temple_scatter_basement

Skill      XL: |  1  2  3  4  5  6  7  8  9 10 |
---------------+-------------------------------+-----
Armour         | 4 5 6 7 8 |  8.0
Fighting       | 4 5 6 7 8 |  8.0
Staves         | 3 4 5 6 |  6.8
Shields        | 5 6 7 9 |  9.6

Action                   |  1- 3 |  4- 6 |  7- 9 | 10-12 || total
-------------------------+-------+-------+-------+-------++-------
Melee: Quarterstaff      |   155 |    78 |   174 |    18 ||   425
Invok: Ancestor Identity |       |       |     1 |       ||     1
Evoke: Wand              |       |       |     9 |       ||     9
  Use: Scroll            |     3 |     4 |     6 |       ||    13
       Potion            |       |       |     3 |     1 ||     4
Armor: Scale mail        |    44 |       |       |       ||    44
       Plate armour      |    19 |    48 |    83 |     1 ||   151
Dodge: Dodged            |    48 |    15 |    39 |     5 ||   107
Block: Buckler           |    27 |    18 |    50 |     4 ||    99

Table legend: (Time is in decaauts)
 A = Elapsed time spent in this place.
 B = Non-inter-level travel time spent in this place.
 C = Inter-level travel time spent in this place.
 D = Time resting spent in this place.
 E = Time spent auto-exploring this place.
 F = Levels seen in this place.
 G = Mean time per level.
                   A        B        C        D        E       F      G
               +--------+--------+--------+--------+--------+-----+--------+
         Total |   7138 |   2903 |   4235 |   1223 |    605 |   8 |  892.2 |
       Dungeon |   7037 |   2900 |   4137 |   1223 |    605 |   7 | 1005.3 |
        Temple |    100 |      2 |     98 |      0 |      0 |   1 |  100.0 |
               +--------+--------+--------+--------+--------+-----+--------+

Top non-repeatable levels by time:
     D:4: 1396 daAuts
     D:6: 1252 daAuts
     D:1: 1059 daAuts
     D:2: 1002 daAuts
     D:5: 913 daAuts
     D:7: 725 daAuts
     D:3: 688 daAuts
  Temple: 100 daAuts
